 Dungeon Crawl Stone Soup version 0.31.0-12-g77e489cdc1 (webtiles) character file.

Game seed: 8181040658989793975

81 DemonSlayer the Digger (level 4, -14/30 HPs)
             Began as a Demonspawn Earth Elementalist on Feb 19, 2024.
             Killed from afar by Ijyb (20 damage)
             ... with a bolt of acid
             ... on level 4 of the Dungeon.
             The game lasted 00:02:12 (1524 turns).

DemonSlayer the Digger (DsEE)                       Turns: 1524, Time: 00:02:13

Health: -14/30     AC:  4    Str:  8    XL:     4   Next: 20%
Magic:  7/8        EV: 12    Int: 15    God:
Gold:   68         SH:  0    Dex: 16    Spells: 7/8 levels left

rFire   . . .        d - +0 dagger
rCold   . . .        (no shield)
rNeg    . . .        a - +0 robe
rPois   .            (no helmet)
rElec   .            (no cloak)
rCorr   .            (no gloves)
SInv    .            (no boots)
Will    .....        (no amulet)
Stlth   ++           (no ring)
HPRegen 0.25/turn    (no ring)
MPRegen 0.11/turn

%: no passive effects
@: no status effects
A: thin metallic scales 1, demonic touch 1
a: no special abilities


You were on level 4 of the Dungeon.
You visited 1 branch of the dungeon, and saw 4 of its levels.

You collected 68 gold pieces.

Inventory:

Hand Weapons
 d - a +0 dagger (weapon)
Armour
 a - a +0 robe (worn)
Jewellery
 g - a ring of flight
Scrolls
 e - a scroll of poison {unknown}
 f - a scroll of identify {unknown}
 h - a scroll of blinking {unknown}
Potions
 b - a potion of cancellation {unknown}
 c - a potion of heal wounds {unknown}


   Skills:
 + Level 0.2 Fighting
 + Level 0.3 Short Blades
 + Level 2.3 Dodging
 + Level 2.2 Stealth
 + Level 2.9 Spellcasting
 + Level 1.0 Conjurations
 + Level 3.3 Earth Magic


You had 7 spell levels left.
You knew the following spells:

 Your Spells              Type           Power      Damage    Failure   Level
a - Sandblast             Erth           24%        2d8       4%          1

Your spell library contained the following spells:

 Spells                   Type           Power      Damage    Failure   Level
 Passwall                 Erth           12%        N/A       16%         3
 Freeze                   Ice            8%         1d3       21%         1
 Stone Arrow              Conj/Erth      16%        3d8       24%         3
 Hailstorm                Conj/Ice       3%         3d5       45%         3
 Frozen Ramparts          Ice            4%         1d1       52%         3
 Brom's Barrelling Bould  Conj/Erth      8%         2d3       63%         4
 Petrify                  Alch/Erth      7%         N/A       71%         4


Dungeon Overview and Level Annotations

Branches:
Dungeon (4/15)
 Temple: D:4-7

Altars:

Annotations:
D:4 Ijyb


Innate Abilities, Weirdness & Mutations

You are partially covered in thin metallic scales. (AC +2)
Your touch may inflict minor irresistible damage on your foes.


Message History

Ijyb the Twisted Goblin comes into view.
She is wielding a +0 dagger, wearing a +0 leather armour of cold resistance and carrying a wand of acid.
Ijyb is nearby!
Ijyb is nearby!
Ijyb is nearby!
A kobold comes into view. It is wielding a +0 dagger.
Ijyb shouts!
The kobold throws a stone.
The stone hits you.
The blast of sand hits Ijyb but does no damage.
The blast of sand hits Ijyb.
Ijyb is lightly wounded.
Ijyb screams, "I dance on your bones!"
Ijyb zaps a wand.
The bolt of acid hits you!!
Ouch! That really hurt!
* * * LOW HITPOINT WARNING * * *
You are too injured to fight recklessly!
You are too injured to fight recklessly!
You are too injured to fight recklessly!
You are too injured to fight recklessly!
Ijyb closely misses you.
You closely miss Ijyb.
Ijyb is lightly wounded.
You closely miss Ijyb.
Ijyb is lightly wounded.
Ijyb barely misses you.
You hit Ijyb.
Ijyb is moderately wounded.
Ijyb closely misses you.
You closely miss Ijyb.
Ijyb is moderately wounded.
The kobold hits you with a +0 dagger.
* * * LOW HITPOINT WARNING * * *
Ijyb screams, "Me stronger than you!" Ijyb hits you with a +0 dagger.
* * * LOW HITPOINT WARNING * * *
Unknown command.
You barely miss Ijyb.
Ijyb is moderately wounded.
Ijyb zaps a wand.
The bolt of acid hits you!!
Ouch! That really hurt!
You die...

...#.........#.....#####
...#.........'..........
...#.........#..........
...#.........#..........
...#..####...#..........
..##+## #####.<........
..# #.......... ..#
#.....#### ..# #..@..#
#.Kg..# ........#
..........# ..........#
.....###+## ..... #####


You could see Ijyb and a kobold.

Vanquished Creatures
  An orc wizard (D:2)
  An adder (D:4)
  A ribbon worm (D:2)
  2 dart slugs
  4 orcs
  3 endoplasms
  A giant cockroach (D:1)
  5 goblins
  3 hobgoblins
  2 kobolds
  A quokka (D:3)
  4 ball pythons
  4 bats
  A frilled lizard (D:1)
  2 rats
35 creatures vanquished.

Notes
Turn   | Place    | Note
-------+----------+-------------------------------------------
     0 | D:1      | DemonSlayer the Demonspawn Earth Elementalist began the
                  | quest for the Orb.
     0 | D:1      | Reached XP level 1. HP: 13/13 MP: 3/3
   286 | D:1      | Gained mutation: You are partially covered in thin metallic
                  | scales. (AC +2) [demonic ancestry]
   286 | D:1      | Reached XP level 2. HP: 16/19 MP: 3/5
   528 | D:2      | Found a faded altar of an unknown god.
   532 | D:2      | Reached skill level 3 in Earth Magic
   559 | D:2      | Found the +4 robe of Augmentation {Str+4 Int+4 Dex+4}
   656 | D:2      | Reached XP level 3. HP: 14/24 MP: 3/6
  1323 | D:4      | Gained mutation: Your touch may inflict minor irresistible
                  | damage on your foes. [demonic ancestry]
  1323 | D:4      | Reached XP level 4. HP: 30/30 MP: 6/8
  1514 | D:4      | Noticed Ijyb
  1524 | D:4      | Killed from afar by Ijyb

Illustrated notes

Levels and vault maps discovered:
D:1:      dpeg_arrival_erosion, layout_loops_ring
D:2:      layout_loops_ring, nicolae_ecumenical_oubliette, serial_bayou_pond_e,
          serial_park_tiny_1
D:3:      layout_basic, gammafunk_temple_overflow_forgotten
D:4:      layout_gridville, minmay_temple_entry_wispy, hangedman_glass_teeth,
          uniq_ijyb, uniq_eustachio

Skill      XL: |  1  2 |
---------------+-------+-----
Dodging        | 2 |  2.3
Stealth        | 2 |  2.2
Earth Magic    | 3 |  3.3
Fighting       | |  0.2
Short Blades   | |  0.3
Spellcasting   | |  2.9
Conjurations   | |  1.0

Action                     |  1- 3 |  4- 6 || total
---------------------------+-------+-------++-------
  Melee: Dagger            |    64 |     6 ||    70
         Unarmed           |     6 |       ||     6
         Punch             |     1 |       ||     1
   Cast: Sandblast         |    30 |     7 ||    37
    Use: Potion            |     1 |       ||     1
   Stab: Sleeping          |     5 |       ||     5
 Armour: Robe              |    43 |     6 ||    49
  Dodge: Dodged            |    48 |     5 ||    53
